 Dungeon Crawl Stone Soup version 0.26.1-11-gd32895ea62 (webtiles) character file.

Game seed: 193133979220472048

148461 supercan the Bludgeoner (level 16, -5/140 HPs)
             Began as a Troll Monk on May 20, 2021.
             Was an Initiate of Gozag.
             Slain by a tentacled starspawn (13 damage)
             ... on level 3 of the Abyss on May 21, 2021.
             The game lasted 05:13:09 (29223 turns).

supercan the Bludgeoner (Troll Monk)               Turns: 29223, Time: 05:13:10

Health: -5/140     AC: 23    Str: 28      XL:     16   Next: 94%
Magic:  10/10      EV: 18    Int:  2      God:    Gozag
Gold:   2522       SH:  0    Dex: 15 (16) Spells: 15/15 levels left

rFire    + . .     SeeInvis .   V - +8 eveningstar of the Pyrrhic Victory {flame, rF+ Will+ Dex+4}
rCold    . . .     Faith    .   (no shield)
rNeg     + . .     Spirit   .   D - +3 pearl dragon scales
rPois    .         Reflect  .   m - +2 hat
rElec    .         Harm     .   z - scarf {+Inv}
rCorr    .         Rampage  .   (gloves unavailable)
Will     ++...     Rnd*Rage +   (boots unavailable)
Stlth    ..........             W - amulet of regeneration
HPRegen  1.13/turn              u - +4 ring of slaying
MPRegen  0.12/turn              H - ring of the Hare {EV+8}

@: confused, gold aura, constricted
A: large, unfitting armour, claws 3, [berserk 2], [deterioration 2], [dopey 2],
[frail 2], [low mp 3], regeneration 1, [screaming 3], shaggy fur 1, tough skin
3, [no potion heal 2], [subdued magic 2]
a: Renounce Religion, Evoke Invisibility, Potion Petition, Call Merchant, Bribe
Branch


You were on level 3 of the Abyss.
You worshipped Gozag.
Gozag was most pleased with you.
You visited 6 branches of the dungeon, and saw 25 of its levels.
You visited the Abyss 1 time.
You also visited: Volcano.

You collected 8694 gold pieces.
You spent 6172 gold pieces at shops.

Inventory:

Hand Weapons
 c - the +6 spear "Ziaposoh" {drain, rElec rPois Str+9 Int-5}
   (You bought it in a shop on level 2 of the Orcish Mines)

   A truly terrible weapon, it drains the life of those it strikes.
   It affects your strength (+9).
   It affects your intelligence (-5).
   It insulates you from electricity.
   It protects you from poison.
 d - a +0 dagger of distortion
 j - a +2 war axe of electrocution
 I - a +6 halberd of draining
 K - a +2 halberd of flaming
 M - a +2 glaive of protection
 R - a +0 quarterstaff of freezing
 T - a +2 antimagic short sword
 V - the +8 eveningstar of the Pyrrhic Victory (weapon) {flame, rF+ Will+ Dex+4}
   (You bought it in a shop on level 11 of the Dungeon)

   It has been specially enchanted to burn those struck by it, causing extra
   injury to most foes and up to half again as much damage against particularly
   susceptible opponents.
   It affects your dexterity (+4).
   It protects you from fire.
   It affects your willpower, your defense against some magical effects.
Armour
 m - a +2 hat (worn)
 z - a scarf of invisibility (worn)
 D - +3 pearl dragon scales (worn)
 J - +4 swamp dragon scales
Jewellery
 e - an uncursed ring of positive energy
 h - an uncursed ring of flight
 k - an uncursed ring of ice
 n - an uncursed ring of fire
 u - a +4 ring of slaying (left claw)
 v - a +4 ring of slaying
 y - the ring "Soaduod" {MP-9 Str+3 Dex+4 SInv Stlth-}
   (You found it on level 3 of the Snake Pit)

   [ring of attention]

   It affects your strength (+3).
   It affects your dexterity (+4).
   It affects your magic capacity (-9).
   It lets you see invisible.
   It makes you less stealthy.
 H - the ring of the Hare (right claw) {EV+8}
   (You bought it in a shop on level 1 of the Snake Pit)

   [ring of evasion]

   It affects your evasion (+8).
 S - an uncursed ring of willpower
 W - an amulet of regeneration (around neck)
Wands
 b - a wand of polymorph (10)
 p - a wand of iceblast (11)
 A - a wand of digging (6)
 E - a wand of disintegration (26) (quivered)
 F - a wand of flame (13)
 U - a wand of paralysis (5)
Scrolls
 g - 10 scrolls of remove curse
 l - 15 scrolls of teleportation
 t - 3 scrolls of magic mapping
 B - 2 scrolls of amnesia
 L - a scroll of identify
 P - a scroll of summoning
 X - a scroll of vulnerability
 Y - 2 scrolls of fog
Potions
 a - 3 potions of attraction
 f - 2 potions of curing
 i - 4 potions of magic
 o - a potion of resistance
 s - a potion of flight
 w - 3 potions of berserk rage
 x - 3 potions of cancellation
 C - 5 potions of mutation
 G - 3 potions of might
 Z - 4 potions of lignification
Miscellaneous
 Q - a tin of tremorstones (2/2)


   Skills:
 * Level 15.1 Fighting
 + Level 15.5 Maces & Flails
 + Level 10.6 Polearms
 + Level 9.0 Armour
 + Level 8.3 Dodging
 - Level 1.2 Stealth
 - Level 0.6 Evocations


You had 15 spell levels left.
You didn't know any spells.
Your spell library contained the following spells:

 Spells                   Type           Power        Failure   Level
 Magic Dart               Conj           0%           75%         1
 Summon Small Mammal      Summ           0%           75%         1
 Call Imp                 Summ           0%           87%         2
 Searing Ray              Conj           0%           87%         2
 Call Canine Familiar     Summ           0%           98%         3
 Dazzling Flash           Conj/Hex       0%           98%         3
 Ignite Poison            Fire/Tmut/Pois 0%           98%         3
 Static Discharge         Conj/Air       0%           98%         3
 Summon Guardian Golem    Hex/Summ       0%           98%         3
 Fulminant Prism          Conj/Hex       0%           100%        4
 Hailstorm                Conj/Ice       0%           100%        4
 Iskenderun's Mystic Bla  Conj/Tloc      0%           100%        4
 Summon Ice Beast         Ice/Summ       0%           100%        4
 Summon Lightning Spire   Summ/Air       0%           100%        4
 Fireball                 Conj/Fire      0%           100%        5
 Lightning Bolt           Conj/Air       0%           100%        5
 Silence                  Hex/Air        0%           100%        5
 Starburst                Conj/Fire      0%           100%        6
 Ignition                 Fire           0%           100%        8
 Shatter                  Erth           0%           100%        9
 Tornado                  Air            0%           100%        9


Dungeon Overview and Level Annotations

Branches:
Dungeon (11/15)            Temple (1/1) D:5            Lair (4/6) D:11
  Swamp (0/4) Lair:4        Snake (4/4) Lair:4          Orc (2/2) D:9
    Elf (3/3) Orc:2       Volcano (visited)

Altars:
Ashenzari
Cheibriados
Dithmenos
Elyvilon
Fedhas
Gozag
Hepliaklqana
Kikubaaqudgha
Makhleb
Nemelex Xobeh
Okawaru
Qazlal
Ru
Sif Muna
Trog
Uskayaw
Vehumet
Wu Jian
Xom
Yredelemnul
Zin
The Shining One

Shops:
D:5 ![}**   D:6 }   D:8 }   D:11 *   Orc:2 ((==*   Elf:1 *   Snake:1 ==!
Snake:3 }=}

Annotations:
Snake:3 exclusion: 2 oklob plants, Roxanne


Innate Abilities, Weirdness & Mutations

You are too large for most types of armour.
You have claws for hands.
Your natural rate of healing is unusually fast.
You are covered in fur. (AC +1)
You have extremely tough skin. (AC +3)
[You often lose your temper in combat.]
[Your body often deteriorates upon taking damage.]
[You are very dopey. (Int -4)]
[You are very frail. (-20% HP)]
[Your magical capacity is extremely low. (-30% MP)]
[You frequently scream uncontrollably at your foes.]
[Potions are poor at restoring your health.]
[Your spells are easier to cast, but less powerful.]


Message History

Your chaos spawn gores the starspawn tentacle!
Your chaos spawn shocks the starspawn tentacle.
Flame seeps out of the tentacled starspawn.
The tentacled starspawn is engulfed in blazing flames.
Flame seeps out of the tentacled starspawn.
The tentacled starspawn closely misses you.
The tentacled starspawn engulfs you but does no damage.
You are too confused!
You puncture the starspawn tentacle! You burn the starspawn tentacle!
You destroy the starspawn tentacle!
Flame seeps out of the tentacled starspawn.
A starcursed mass splits.
Your ufetubus completely misses the starspawn tentacle.
Your ufetubus hits the starspawn tentacle but does no damage.
The starspawn tentacle constricts you.
The tentacled starspawn is engulfed in blazing flames.
Flame seeps out of the tentacled starspawn.
The tentacled starspawn bites you!
You die...
Your body crumbles into a pile of gold.

$ ### $
##..####
#.....X####
##.. ─.XXX.#
##...##XXX..#
#...X*@w##
#..#.wXX4#..#
#.5.*w....#
#..#.....#..#
#.......##..#
##...##.. .#
+#.. .... #
#.. ...## ##.
####


You could see 8 starcursed masses, 2 tentacled starspawn, 2 wretched stars, 3
starspawn tentacles, a friendly chaos spawn (summoned) and a friendly ufetubus
(summoned, misshapen).

Vanquished Creatures
  Saint Roka (Orc:2)
  Vashnia (Snake:2)
  Jorgrun (Snake:1)
  2 tentacled starspawn (Abyss:2)
  Kirke (Snake:2)
  A nagaraja (Snake:2)
  3 deep elf sorcerers
  A deep elf demonologist (Elf:3)
  A starcursed mass (Abyss:3)
  A deep elf death mage (Elf:1)
  A crystal guardian (Abyss:2)
  Fannar (D:11)
  4 naga warriors
  6 hydras
  A catoblepas (Lair:4)
  A centaur warrior (Orc:2)
  4 two-headed ogres
  3 anacondas
  15 naga sharpshooters
  A thrashing horror (Abyss:2)
  Urug (Orc:2)
  The ghost of Tirrikindir the Cleaver, a novice OpFi of Gozag (D:8)
  2 shock serpents
  11 deep elf knights
  Sonja (Lair:3)
  A sixfirhy (Abyss:2)
  A spatial maelstrom (Abyss:2)
  A wizard (Elf:1)
  13 deep elf archers
  2 orc knights
  A mana viper (Snake:1)
  An anaconda skeleton (Abyss:2)
  A necromancer (Abyss:2)
  A frost giant zombie (Abyss:2)
  2 orc sorcerers
  3 oklob plants
  53 deep elf magi
  A cyclops (Orc:1)
  4 salamanders
  An ugly thing (Volcano)
  20 black mambas
  3 guardian serpents (Snake:1)
  8 cane toads
  2 gargoyles (D:10)
  5 naga magi
  A smoke demon (Volcano)
  2 molten gargoyles (Volcano)
  A kobold demonologist (Elf:1)
  Maggie (D:7)
  5 komodo dragons
  4 trolls
  2 red devils (Volcano)
  An ancient zyme (Abyss:2)
  A tyrant leech (Lair:4)
  2 hornets
  A polar bear (Lair:4)
  Grinder (D:3)
  9 blink frogs
  5 air elementals
  2 water elementals
  2 wraiths
  A large abomination (Abyss:2)
  12 fire bats
  A wyvern (Lair:4)
  A hog (Snake:2)
  22 yaks
  A basilisk (Lair:4)
  2 fire elementals
  7 wargs
  20 nagas
  A spatial vortex (Abyss:2)
  An acid dragon (D:11)
  A hell hound (Volcano)
  4 swamp worms (Lair:4)
  35 orc warriors
  A black bear (D:8)
  9 water moccasins
  3 ice beasts
  2 sky beasts
  18 ogres
  3 phantoms
  2 necrophages
  A boggart (Elf:1)
  18 wolves
  The ghost of MummyDearest the Digger, an amateur DgEE (D:4)
  16 centaurs
  7 big kobolds
  10 bullfrogs
  2 earth elementals
  2 scorpions
  3 howler monkeys
  10 wights
  5 lava snakes
  A centaur zombie (D:7)
  A bullfrog zombie (D:9)
  A jelly (D:8)
  16 orc priests
  15 orc wizards
  A bullfrog skeleton (D:6)
  6 hounds
  8 iguanas
  5 hell rats (Lair:4)
  3 worker ants
  A worker ant zombie (D:6)
  4 gnolls (D:5)
  12 adders
  3 shadow imps
  5 white imps
  3 ufetubi
  2 adder skeletons
  2 worms (D:2)
  3 dart slugs
  7 leopard geckos
  62 orcs
  2 ball pythons (D:3)
  3 giant cockroaches
  12 goblins
  11 hobgoblins
  20 jackals
  4 quokkas
  7 bats
  6 frilled lizards
  A jackal skeleton (D:4)
  32 kobolds
  11 rats
  A starspawn tentacle (Abyss:3)
723 creatures vanquished.

Vanquished Creatures (others)
  28 dancing weapons
  A deep elf knight (Elf:1)
  An air elemental (Elf:2)
  A water elemental (Elf:3)
  5 humans (Snake:2)
  3 orcs (Orc:2)
  A kobold (D:9)
  14 fungi
  45 plants
  13 starspawn tentacles (Abyss:2)
112 creatures vanquished.

Grand Total: 835 creatures vanquished

Notes
Turn   | Place    | Note
-------+----------+-------------------------------------------
     0 | D:1      | supercan the Troll Monk began the quest for the Orb.
     0 | D:1      | Reached XP level 1. HP: 22/22 MP: 0/0
   276 | D:1      | Reached XP level 2. HP: 29/29 MP: 1/1
   512 | D:1      | Reached XP level 3. HP: 36/36 MP: 2/2
  1362 | D:2      | Reached XP level 4. HP: 30/44 MP: 3/3
  1826 | D:3      | Noticed Grinder
  1831 | D:3      | Paralysed by Grinder for 5 turns
  1856 | D:3      | Killed Grinder
  1857 | D:3      | Reached XP level 5. HP: 54/54 MP: 4/4
  1857 | D:3      | Reached XP level 6. HP: 62/62 MP: 5/5
  2597 | D:4      | Reached skill level 5 in Maces & Flails
  2665 | D:4      | Reached XP level 7. HP: 70/70 MP: 6/6
  2712 | D:4      | Found a runed translucent gate.
  2713 | D:4      | Found a runed translucent gate.
  2714 | D:4      | Found a runed translucent gate.
  2716 | D:4      | Found an opulent altar of Gozag.
  2716 | D:4      | Noticed MummyDearest's ghost (amateur DgEE)
  2914 | D:4      | Killed MummyDearest's ghost
  2949 | D:4      | Became a worshipper of Gozag Ym Sagoz the Greedy
  3629 | D:5      | Entered Level 5 of the Dungeon
  3651 | D:5      | Found a sacrificial altar of Ru.
  3689 | D:5      | Found a staircase to the Ecumenical Temple.
  3710 | Temple   | Entered the Ecumenical Temple
  3947 | D:5      | Reached XP level 8. HP: 68/79 MP: 7/7
  3948 | D:5      | Reached skill level 5 in Fighting
  4039 | D:5      | Found Pophi's Assorted Antiques.
  4074 | D:5      | Bought a scroll of identify for 64 gold pieces
  4263 | D:5      | Found Rusiuts's Assorted Antiques.
  4283 | D:5      | Bought a scroll labelled UXINIF BUA for 23 gold pieces
  4437 | D:5      | Found Opulat's Gadget Boutique.
  4457 | D:5      | Found Gagierph's Distillery.
  4474 | D:5      | Found Badgh's Armour Boutique.
  4637 | D:5      | Bought a scroll of identify for 64 gold pieces
  4681 | D:6      | Found Zamemm's Gadget Shop.
  4793 | D:6      | Bought a wand of digging (4) for 192 gold pieces
  5534 | D:7      | Reached XP level 9. HP: 82/89 MP: 8/8
  5782 | D:7      | Noticed Maggie
  5793 | D:7      | Killed Maggie
  5971 | D:8      | Noticed Tirrikindir's ghost (novice OpFi)
  5972 | D:8      | Found a transporter.
  5973 | D:8      | Found a transporter.
  6087 | D:8      | Noticed a two-headed ogre
  6099 | D:8      | Killed a two-headed ogre
  6118 | D:8      | Reached skill level 1 in Polearms
  6188 | D:8      | Found Jerao's Gadget Boutique.
  7022 | D:9      | Reached skill level 5 in Dodging
  7022 | D:9      | Reached XP level 10. HP: 102/102 MP: 9/9
  7037 | D:9      | Reached skill level 1 in Armour
  7378 | D:9      | Identified Sif Muna's Collected Works on Entrancing Battle
                  | Magic
  7607 | D:9      | Found a glowing golden altar of the Shining One.
  7718 | D:9      | Found a staircase to the Orcish Mines.
  8134 | Orc:1    | Entered Level 1 of the Orcish Mines
  8314 | Orc:2    | Entered Level 2 of the Orcish Mines
  8735 | Orc:1    | Reached skill level 5 in Polearms
  9002 | Orc:2    | Noticed an orc knight
  9265 | Orc:1    | Noticed a two-headed ogre
  9268 | Orc:1    | Killed a two-headed ogre
  9456 | Orc:1    | Reached XP level 11. HP: 113/113 MP: 10/10
  9679 | Orc:1    | Noticed an orc sorcerer
  9690 | Orc:1    | Noticed a sixfirhy
  9933 | Orc:1    | Killed an orc sorcerer
 10096 | Orc:2    | Found Picwat's Practical Paraphernalia.
 10120 | Orc:2    | Bought +0 pearl dragon scales for 1700 gold pieces
 10176 | Orc:2    | Noticed an orc knight
 10182 | Orc:1    | Killed an orc knight
 10217 | Orc:2    | Noticed Urug
 10410 | Orc:2    | Killed Urug
 10831 | Orc:2    | Noticed a centaur warrior
 10948 | Orc:2    | Noticed Saint Roka
 11279 | D:8      | Killed Tirrikindir's ghost
 11472 | D:10     | Entered Level 10 of the Dungeon
 11644 | D:10     | Got a glimmering quarterstaff
 11725 | D:10     | Noticed a two-headed ogre
 11731 | D:10     | Killed a two-headed ogre
 11746 | D:10     | Noticed a two-headed ogre
 11754 | D:10     | Killed a two-headed ogre
 11919 | D:10     | Reached XP level 12. HP: 80/124 MP: 11/11
 12573 | D:11     | Found a staircase to the Lair.
 12755 | D:11     | Noticed Fannar
 12765 | D:11     | Killed Fannar
 12924 | D:11     | Found a glowing golden altar of the Shining One.
 13113 | D:11     | Noticed a four-headed hydra
 13122 | D:11     | Killed a one-headed hydra
 13453 | D:11     | Found Ceste's Assorted Antiques.
 13457 | D:11     | Bought a scroll of identify for 56 gold pieces
 13457 | D:11     | Bought a fuming white potion for 25 gold pieces
 13457 | D:11     | Bought a scroll of identify for 56 gold pieces
 13457 | D:11     | Bought a fine eveningstar for 560 gold pieces
 13457 | D:11     | Identified the +8 eveningstar of the Pyrrhic Victory
                  | {flame, rF+ Will+ Dex+4} (You bought it in a shop on level
                  | 11 of the Dungeon)
 13461 | D:11     | Identified a scroll of acquirement
 13462 | D:11     | Acquired 526 gold pieces
 13473 | D:11     | Identified the cursed +1 quarterstaff of Ovacecw {pain,
                  | rN++} (You found it on level 10 of the Dungeon)
 13725 | D:11     | Reached skill level 10 in Fighting
 13807 | Lair:1   | Entered Level 1 of the Lair of Beasts
 13815 | Lair:1   | Noticed a six-headed hydra
 13828 | Lair:1   | Killed a six-headed hydra
 13955 | Lair:1   | Reached skill level 5 in Armour
 14145 | Lair:1   | Noticed a four-headed hydra
 14151 | Lair:1   | Killed a four-headed hydra
 14316 | Lair:1   | Reached skill level 10 in Maces & Flails
 14388 | Lair:1   | Got a faintly humming leather armour
 15047 | Lair:2   | Noticed a four-headed hydra
 15052 | Lair:2   | Killed a four-headed hydra
 15053 | Lair:2   | Reached XP level 13. HP: 128/135 MP: 12/12
 15773 | Lair:3   | Noticed Sonja
 15931 | Lair:3   | Killed Sonja
 16418 | Lair:4   | Found a dark tunnel.
 16482 | Volcano  | Entered a volcano
 16784 | Volcano  | Found a bloodstained altar of Trog.
 17364 | Lair:4   | Found a staircase to the Swamp.
 17785 | Lair:4   | Found a staircase to the Snake Pit.
 18359 | Snake:1  | Entered Level 1 of the Snake Pit
 18466 | Snake:1  | Found Soggyneh's Jewellery Shop.
 18474 | Snake:1  | Bought an uncursed amulet of regeneration for 330 gold
                  | pieces
 18837 | Snake:1  | Noticed Jorgrun
 18851 | Snake:1  | Killed Jorgrun
 18852 | Snake:1  | Reached XP level 14. HP: 118/149 MP: 13/13
 19189 | Snake:1  | You fall into a shaft and drop 1 floor!
 19374 | Snake:1  | Found Bomiowu's Jewellery Shop.
 19391 | Snake:1  | Bought the ring of the Hare {EV+8} for 2048 gold pieces
 19391 | Snake:1  | Found the ring of the Hare {EV+8}
 19398 | Snake:1  | Found Osoagaf's Distillery.
 19806 | Snake:2  | Noticed a nagaraja
 19814 | Snake:2  | Noticed Kirke
 19831 | Snake:2  | Killed Kirke
 19834 | Snake:2  | Killed a nagaraja
 20133 | Snake:2  | Noticed Vashnia
 20407 | Snake:2  | Killed Vashnia
 21567 | Snake:3  | Reached XP level 15. HP: 120/159 MP: 14/14
 22230 | Snake:3  | Got a steaming brass ring
 22278 | Snake:3  | Identified the ring "Soaduod" {MP-9 Str+3 Dex+4 SInv
                  | Stlth-} (You found it on level 3 of the Snake Pit)
 22558 | Snake:3  | Noticed Roxanne
 23040 | Snake:3  | Found Pekuehuy's Gadget Shoppe.
 23040 | Snake:3  | Found Luipsuko's Jewellery Boutique.
 23042 | Snake:3  | Found Mixaz's Gadget Shoppe.
 23212 | Snake:4  | Entered Level 4 of the Snake Pit
 24065 | Orc:2    | Killed Saint Roka
 24441 | Orc:2    | Found a staircase to the Elven Halls.
 24485 | Orc:2    | Found Nurr's Antique Weapon Shop.
 24485 | Orc:2    | Found Akocuros's Jewellery Shoppe.
 24487 | Orc:2    | Found Sejem's Jewellery Emporium.
 24489 | Orc:2    | Found Ydeqopigh's Weapon Boutique.
 24506 | Orc:2    | Bought the +6 spear "Ziaposoh" {drain, rElec rPois Str+9
                  | Int-5} for 1054 gold pieces
 24756 | Elf:1    | Entered Level 1 of the Elven Halls
 24938 | Elf:1    | Reached skill level 10 in Polearms
 25156 | Elf:1    | Found Fisiuxt's Assorted Antiques.
 25653 | Elf:1    | Noticed a deep elf sorcerer
 26408 | Elf:1    | Killed a deep elf sorcerer
 26700 | Elf:2    | Reached XP level 16. HP: 106/172 MP: 6/15
 27155 | Elf:2    | Found a runed translucent door.
 27180 | Elf:2    | Found a runed translucent door.
 28131 | Elf:2    | Reached skill level 15 in Maces & Flails
 28610 | Elf:3    | Entered Level 3 of the Elven Halls
 28835 | Elf:3    | Cast into level 2 of the Abyss (a deep elf sorcerer)
 28961 | Abyss:2  | Found a corrupted altar of Lugonu.
 29029 | Abyss:2  | Found a corrupted altar of Lugonu.
 29039 | Abyss:2  | Found a corrupted altar of Lugonu.
 29085 | Abyss:2  | Found a corrupted altar of Lugonu.
 29121 | Abyss:2  | Reached skill level 15 in Fighting
 29121 | Abyss:2  | Noticed a tentacled starspawn
 29122 | Abyss:2  | Noticed a tentacled starspawn
 29153 | Abyss:2  | Killed a tentacled starspawn
 29161 | Abyss:2  | Killed a tentacled starspawn
 29196 | Abyss:2  | Noticed a profane servitor
 29199 | Abyss:2  | Noticed a tentacled starspawn
 29210 | Abyss:3  | Noticed a tentacled starspawn
 29210 | Abyss:3  | Noticed a tentacled starspawn
 29219 | Abyss:3  | Paralysed by accursed screaming for 1 turns
 29221 | Abyss:3  | HP: 3/140 [tentacled starspawn (8)]
 29223 | Abyss:3  | Slain by a tentacled starspawn

Illustrated notes

Levels and vault maps discovered:
D:1:      zelgadis_glass_arrival_large, layout_loops_cross, minmay_hexomino_c4
D:2:      layout_basic
D:3:      layout_basic, mrwooster_statue_mirror, uniq_grinder
D:4:      layout_gridville, serial_glass, glass_columns_a, glass_columns_a,
          item_on_display_a, due_unseen_surprise, feat_on_display,
          ebering_ghost_gozag
D:5:      layout_rooms, nicolae_ru_awakened_eye,
          minmay_temple_entry_sparse_star, serial_shops, kennysheep_mini, shop,
          shop, kennysheep_mini_moat, nicolae_shop_stone, minmay_quadrilaterals
D:6:      layout_rooms, serial_shops, nicolae_shop_stone
D:7:      layout_basic, uniq_maggie
D:8:      layout_basic, serial_shops, shop, gammafunk_ghost_arena,
          hangedman_decor_points
D:9:      layout_basic, erik_orc_3, basic_altar
D:10:     layout_loops_ring, kennysheep_generic_room_4
D:11:     layout_roguey, dpeg_oklobed_lair, serial_shops,
          nicolae_shop_behind_doors, nicolae_tso_carved_into_rock, uniq_fannar
Temple:   dpeg_three_leaves_temple
Lair:1:   layout_loops_ring, grunt_megastairs_2
Lair:2:   layout_loops_ring
Lair:3:   layout_layer_cave, chequers_serial_rivers_small_a, uniq_sonja
Lair:4:   layout_roguey, palyth_hydra_swamp_entry,
          minmay_snake_entry_guardpost_small, serial_forest,
          infiniplex_forest_split, infiniplex_forest_corner_1,
          infiniplex_forest_clump_medium, infiniplex_forest_straight_2,
          infiniplex_forest_straight_2, infiniplex_forest_straight_2,
          nicolae_volcano_entry_batcave, st_stairs_11, lemuel_fruit_tree
Snake:1:  layout_misc_corridors, serial_shops, shop, nicolae_shop_stone, shop,
          grunt_megastairs_1, uniq_jorgrun
Snake:2:  layout_basic, uniq_vashnia, uniq_kirke
Snake:3:  dpeg_oklob_gauntlet, layout_gridlike, drop_trap, minmay_shop_grove,
          grunt_megastairs_5, uniq_roxanne
Snake:4:  minmay_snake_end_coiled, layout_gridlike, serial_bayou_shore_a,
          uniq_aizul, uniq_bai_suzhen
Orc:1:    layout_diamond_mine
Orc:2:    st_orc_rangers, layout_caves, nicolae_alphabet_shops, uniq_urug,
          uniq_saint_roka
Elf:1:    elf_arrival_002, layout_geoelf_grid, serial_shops, nicolae_shop_trees,
          hangedman_elf_disciples, nicolae_elf_glass_and_crystal_pillar_1,
          hangedman_elf_power_crystal
Elf:2:    layout_gridlike
Elf:3:    minmay_elf_hall_statues, layout_onion_city, guppyfry_elf_lava
Abyss:3:  base: D:14, nicolae_abyss_rune_star_stuff

Skill      XL: |  1  2  3  4  5  6  7  8  9 10 11 12 13 14 15 16 |
---------------+-------------------------------------------------+-----
Maces & Flails | 3 4 5 6 8 9 10 12 13 14 15 | 15.5
Fighting       | 3 4 5 7 8 9 10 12 13 14 15 | 15.1
Dodging        | 3 4 5 6 7 8 |  8.3
Polearms       | 2 5 8 9 10 | 10.6
Armour         | 2 4 5 6 7 8 9 |  9.0
Stealth        | |  1.2
Evocations     | |  0.6

Action                   |  1- 3 |  4- 6 |  7- 9 | 10-12 | 13-15 | 16-18 || total
-------------------------+-------+-------+-------+-------+-------+-------++-------
Melee: Mace              |   161 |   110 |    59 |       |       |       ||   330
       Giant club        |       |     3 |   132 |       |       |       ||   135
       Halberd           |       |       |    97 |   607 |       |       ||   704
       Eveningstar       |       |       |       |   162 |   727 |   357 ||  1246
       Spear             |       |       |       |       |   248 |    17 ||   265
       Short sword       |       |       |       |       |    23 |       ||    23
       Glaive            |       |       |       |       |    19 |       ||    19
 Abil: Evoke Flight      |       |       |     1 |       |       |       ||     1
       Evoke Invisibilit |       |       |       |       |       |     1 ||     1
Evoke: Wand              |       |       |     5 |    28 |    28 |       ||    61
       Tin of tremorston |       |       |       |       |     1 |       ||     1
  Use: Scroll            |     3 |     5 |    15 |    15 |    19 |     5 ||    62
       Potion            |       |     2 |     1 |     5 |     7 |     2 ||    17
 Stab: Sleeping          |     3 |       |     1 |       |       |     1 ||     5
       Distracted        |       |       |     2 |       |     6 |       ||     8
Armor: Robe              |    42 |    29 |    65 |       |       |       ||   136
       Skin              |       |     8 |       |       |    14 |       ||    22
       Swamp dragon scal |       |       |    28 |   256 |   172 |       ||   456
       Pearl dragon scal |       |       |       |   115 |   211 |   135 ||   461
Dodge: Dodged            |   136 |   102 |   264 |   726 |   924 |   269 ||  2421
